 Dungeon Crawl Stone Soup version 0.22.1-2-g9c5b331 (webtiles) character file.

3620 MalarOregon the Ducker (level 10, 0/76 HPs)
             Began as a Merfolk Ice Elementalist on Nov 18, 2018.
             Was a Believer of Nemelex Xobeh.
             Slain by a worker ant (6 damage)
             ... on level 8 of the Dungeon.
             The game lasted 00:29:20 (9974 turns).

MalarOregon the Ducker (Merfolk Ice Elementalist)   Turns: 9974, Time: 00:29:21

Health: 0/76       AC:  4    Str:  9    XL:     10   Next: 11%
Magic:  1/17       EV: 15    Int: 17    God:    Nemelex Xobeh [**....]
Gold:   14         SH:  9    Dex: 15    Spells: 8/19 levels left

rFire    . . .     SeeInvis .   a - +0 trident
rCold    . . .     Gourm    +   B - +1 shield
rNeg     + . .     Faith    .   A - +0 robe
rPois    .         Spirit   .   d - +0 helmet
rElec    .         Reflect  .   (no cloak)
rCorr    .         Harm     .   (no gloves)
MR       .....                  g - +0 pair of boots
Stlth    ++........             z - amulet of the gourmand
HPRegen  0.22/turn              H - ring of positive energy
MPRegen  0.15/turn              (no ring)

@: slowed, very slow
A: change form in water, swift swim, stealthy swim
a: Renounce Religion


You were on level 8 of the Dungeon.
You worshipped Nemelex Xobeh.
Nemelex Xobeh was pleased with you.
You were completely stuffed.

You visited 2 branches of the dungeon, and saw 9 of its levels.

You collected 314 gold pieces.
You spent 300 gold pieces at shops.

Inventory:

Hand Weapons
 a - a +0 trident (weapon)
   (You took it off an orc on level 5 of the Dungeon)
Missiles
 j - 6 tomahawks (quivered)
 k - 3 curare-tipped needles {!f}
 p - 18 poisoned needles
Armour
 d - a +0 helmet (worn)
   (You found it on level 8 of the Dungeon)
 g - a +0 pair of boots (worn)
   (You found it on level 1 of the Dungeon)
 A - a +0 robe (worn)
 B - a +1 shield (worn)
   (You found it on level 5 of the Dungeon)
Jewellery
 z - an amulet of the gourmand (around neck)
   (You found it on level 5 of the Dungeon)
 H - a ring of positive energy (left hand)
   (You found it on level 7 of the Dungeon)
 N - an uncursed amulet of the acrobat {unknown}
   (You took it off an orc priest on level 8 of the Dungeon)
Wands
 t - a wand of flame (33)
   (You found it on level 6 of the Dungeon)
 u - a wand of paralysis (19)
   (You found it on level 6 of the Dungeon)
 v - a wand of digging (12)
   (You found it on level 7 of the Dungeon)
 x - a wand of acid (7)
   (You found it on level 7 of the Dungeon)
 D - a wand of scattershot (8)
   (You found it on level 4 of the Dungeon)
Scrolls
 c - 5 scrolls of remove curse {@r2}
 f - a scroll of teleportation {@r4}
 h - 2 scrolls of enchant armour
 s - a scroll of amnesia
 y - a scroll of fog
 E - a scroll of identify {@r1}
Potions
 i - 2 potions of ambrosia
 l - 4 potions of curing {@q1}
 m - a potion of brilliance
 n - a potion of might
 o - 2 potions of magic
 q - a potion of mutation {!q}
 r - a potion of berserk rage
 w - 3 potions of agility
 C - 3 potions of flight
 G - a potion of resistance
 I - a potion of haste {@q3}
 M - a potion of lignification {!q}
 O - a potion of heal wounds {@q2}
Miscellaneous
 b - an ornate deck of summoning {drawn: 2}
   (Nemelex Xobeh gifted it to you on level 5 of the Dungeon)
 F - an ornate deck of summoning
   (Nemelex Xobeh gifted it to you on level 6 of the Dungeon)
 L - a plain deck of summoning
   (Nemelex Xobeh gifted it to you on level 7 of the Dungeon)
Comestibles
 e - 10 rations {!d}
 K - 6 chunks of flesh


   Skills:
 + Level 5.8 Fighting
 * Level 7.4 Polearms
 + Level 7.4 Dodging
 - Level 2.1 Stealth
 * Level 3.8 Shields
 + Level 5.2 Spellcasting
 - Level 2.0 Conjurations
 - Level 4.0 Summonings
 + Level 6.6 Ice Magic
 + Level 4.2 Invocations


You had 8 spell levels left.
You knew the following spells:

 Your Spells              Type           Power        Failure   Level  Hunger
a - Freeze                Ice            ####         3%          1    None
c - Throw Icicle          Conj/Ice       ###.....     69%         4    ####...
d - Summon Ice Beast      Ice/Summ       ###.....     54%         4    ####...
x - Throw Frost           Conj/Ice       ###...       16%         2    #......

Your spell library contained the following spells:

 Spells                   Type           Power        Failure   Level  Hunger
 Shock                    Conj/Air       #...         36%         1    None
 Ozocubu's Armour         Chrm/Ice       ###.....     41%         3    ###....
 Corona                   Hex            #......      52%         1    None
 Slow                     Hex            #.......     65%         2    #......
 Swiftness                Chrm/Air       #.......     65%         2    #......
 Static Discharge         Conj/Air       #.......     75%         3    ###....
 Inner Flame              Hex/Fire       #.......     87%         3    ###....
 Portal Projectile        Hex/Tloc       #.....       87%         3    ###....
 Airstrike                Air            #.........   99%         4    ####...
 Cause Fear               Hex            #.........   99%         4    ####...
 Leda's Liquefaction      Hex/Erth       #.........   99%         4    ####...
 Lightning Bolt           Conj/Air       #.........   100%        5    ######.


Dungeon Overview and Level Annotations

Branches:
Dungeon (8/15)             Temple (1/1) D:4
   Lair: D:8-11

Altars:
Ashenzari
Cheibriados
Dithmenos
Elyvilon
Fedhas
Kikubaaqudgha
Makhleb
Nemelex Xobeh
Okawaru
Qazlal
Ru
Sif Muna
Trog
Wu Jian
Xom
Yredelemnul
Zin
The Shining One

Shops:
D:7 (   D:8 !


Message History

Your magical contamination has completely faded away.
Some of the chunks of flesh in your inventory have rotted away.
Found 11 gold pieces.
A worker ant and a hornet come into view.
The worker ant twitches its antennae in your direction.
Aim: a hornet The puff of frost misses the hornet.
Aim: a hornet The puff of frost hits the hornet.
The hornet appears unharmed.
The hornet misses you.
Aim: a hornet You freeze the hornet.
The hornet stings you but does no damage.
The hornet stings you.
You feel yourself slow down.
Aim: a hornet (lightly wounded)
You freeze the hornet.
You feel yourself speed up. The hornet stings you!
You feel yourself slow down. The hornet stings you!
You feel as though you will be slow longer.
The worker ant misses you.
Aim: a hornet (heavily wounded)
You freeze the hornet. The hornet misses you. The worker ant misses you.
The hornet barely misses you.
Unknown command.
Aim: a hornet (almost dead)
You freeze the hornet. You block the hornet's attack.
The worker ant completely misses you.
A soldier ant comes into view.
The hornet completely misses you. The worker ant bites you!
* * * LOW HITPOINT WARNING * * *
The soldier ant moves out of view.
You hit the hornet. The hornet misses you. You block the worker ant's attack.
You block the hornet's attack. The worker ant misses you.
The hornet completely misses you.
You barely miss the hornet.
You feel yourself speed up. The hornet stings you!
* * * LOW HITPOINT WARNING * * *
You feel yourself slow down. The worker ant bites you.
* * * LOW HITPOINT WARNING * * *
The hornet stings you!
* * * LOW HITPOINT WARNING * * *
You feel as though you will be slow longer.
The worker ant bites you.
You die...
Your body glows slightly and disappears.

....... .... (#.....
... ..... .# ##.. #
#....... .# #. #..$...
.#### .##..#..####
.#..# ..........#
....#### #.<......#
.......#######.ya.....#
........#.......@.....#
........)..###........#
#.....###...##........#
.>.....#....#.........#
).....................#
..................<...#
#.....................#
##...#............#####
######..........##


You could see a hornet and a worker ant.

Vanquished Creatures
  The ghost of smtktc the Basher, a novice TeBe of Trog (D:5)
  2 hippogriffs
  Eustachio (D:5)
  2 orc warriors (D:7)
  3 ice beasts
  A sky beast (D:7)
  A phantom (D:6)
  A centaur (D:8)
  6 ogres
  2 big kobolds
  3 bullfrogs
  Blork the orc (D:6)
  A scorpion (D:6)
  5 killer bees
  3 wights (D:6)
  A crimson imp (D:6)
  A bullfrog zombie (D:6)
  4 hounds
  2 jellies (D:8)
  5 orc wizards
  3 orc priests
  Jessica (D:3)
  2 iguanas (D:6)
  6 worker ants
  A worker ant zombie (D:5)
  8 adders
  A shadow imp (D:7)
  An ooze (D:6)
  A worm (D:4)
  3 dart slugs
  5 leopard geckos
  14 orcs
  A ball python (D:1)
  12 bats
  3 giant cockroaches
  3 goblins
  9 hobgoblins
  9 jackals
  13 kobolds
  3 quokkas
  3 frilled lizards
  2 leopard gecko skeletons
  A quokka skeleton (D:7)
  3 rats
154 creatures vanquished.

Vanquished Creatures (collateral kills)
  An ice beast (D:5)
  A bullfrog skeleton (D:5)
2 creatures vanquished.

Vanquished Creatures (others)
  A human (D:4)
1 creature vanquished.

Grand Total: 157 creatures vanquished

Notes
Turn   | Place    | Note
-------+----------+-------------------------------------------
     0 | D:1      | MalarOregon the Merfolk Ice Elementalist began the quest
                  | for the Orb.
     0 | D:1      | Reached XP level 1. HP: 13/13 MP: 3/3
   110 | D:1      | Reached XP level 2. HP: 16/20 MP: 0/5
   839 | D:2      | Reached skill level 1 in Fighting
   888 | D:2      | Reached XP level 3. HP: 9/26 MP: 0/6
  1280 | D:2      | Learned a level 2 spell: Throw Frost
  1463 | D:2      | Found a snail-covered altar of Cheibriados.
  1491 | D:2      | Reached XP level 4. HP: 30/33 MP: 0/7
  1942 | D:3      | Found a shadowy altar of Dithmenos.
  2386 | D:3      | Noticed Jessica
  2399 | D:3      | Killed Jessica
  2399 | D:3      | Reached XP level 5. HP: 39/39 MP: 2/9
  2454 | D:3      | Found a deep blue altar of Sif Muna.
  2513 | D:3      | Found a stormy altar of Qazlal.
  2594 | D:4      | Learned a level 4 spell: Summon Ice Beast
  2780 | D:4      | Found a basalt altar of Yredelemnul.
  2782 | D:4      | Noticed an ogre
  2804 | D:4      | Killed an ogre
  2867 | D:4      | Reached skill level 1 in Summonings
  2867 | D:4      | Reached XP level 6. HP: 45/46 MP: 5/10
  3214 | D:4      | Found a staircase to the Ecumenical Temple.
  3251 | D:4      | Found a shattered altar of Ashenzari.
  3355 | D:4      | Reached skill level 5 in Dodging
  3355 | D:4      | Reached XP level 7. HP: 39/52 MP: 0/12
  3644 | D:4      | Found a white marble altar of Elyvilon.
  3749 | D:4      | Found an ancient bone altar of Kikubaaqudgha.
  3751 | D:4      | Noticed a human
  3753 | D:4      | Killed a human
  3824 | Temple   | Entered the Ecumenical Temple
  3829 | Temple   | Became a worshipper of Nemelex Xobeh the Trickster
  3887 | D:5      | Entered Level 5 of the Dungeon
  4003 | D:5      | Received a gift from Nemelex Xobeh
  4065 | D:5      | Found Zin's Purification Station.
  4065 | D:5      | Found a glowing silver altar of Zin.
  4074 | D:5      | Bought a potion of curing for 90 gold pieces
  4142 | D:5      | Found a large runed door.
  4143 | D:5      | Found a large runed door.
  4143 | D:5      | Noticed smtktc's ghost (novice TeBe)
  4162 | D:5      | Killed smtktc's ghost
  4162 | D:5      | Reached skill level 5 in Ice Magic
  4162 | D:5      | Reached skill level 1 in Invocations
  4381 | D:5      | Noticed Eustachio
  4403 | D:5      | Killed Eustachio
  4403 | D:5      | Reached skill level 1 in Polearms
  4403 | D:5      | Reached XP level 8. HP: 28/60 MP: 0/14
  4706 | D:5      | HP: 2/60 [worker ant zombie (6)]
  5286 | D:5      | Found a glowing golden altar of the Shining One.
  5588 | D:5      | Learned a level 4 spell: Throw Icicle
  5829 | D:6      | Noticed Blork the orc
  5844 | D:6      | Killed Blork the orc
  6073 | D:6      | Reached skill level 1 in Conjurations
  6112 | D:6      | Reached * piety under Nemelex Xobeh
  6358 | D:6      | Reached skill level 1 in Shields
  6886 | D:6      | Reached XP level 9. HP: 49/66 MP: 6/15
  7105 | D:6      | Received a gift from Nemelex Xobeh
  7235 | D:6      | Reached skill level 5 in Polearms
  7406 | D:6      | Found a snail-covered altar of Cheibriados.
  7739 | D:7      | Reached ** piety under Nemelex Xobeh
  7769 | D:7      | Reached skill level 5 in Fighting
  8948 | D:7      | Found a deep blue altar of Sif Muna.
  9017 | D:7      | Found Yqasusk's Weapon Emporium.
  9040 | D:7      | Received a gift from Nemelex Xobeh
  9102 | D:7      | Reached skill level 5 in Spellcasting
  9733 | D:8      | Found Eciets's Distillery.
  9745 | D:8      | Bought a potion of magic for 112 gold pieces
  9745 | D:8      | Bought a potion of agility for 56 gold pieces
  9745 | D:8      | Bought a potion of flight for 42 gold pieces
  9800 | D:8      | Reached XP level 10. HP: 30/76 MP: 11/17
  9974 | D:8      | Slain by a worker ant

Skill      XL: |  1  2  3  4  5  6  7  8  9 |
---------------+----------------------------+-----
Dodging        | 3 4 5 6 7 |  7.4
Fighting       | 1 2 3 4 5 |  5.8
Ice Magic      | 4 5 6 |  6.6
Spellcasting   | 3 4 5 |  5.2
Summonings     | 1 2 3 4 |  4.0
Invocations    | 1 2 4 |  4.2
Polearms       | 1 4 7 |  7.4
Conjurations   | 1 2 |  2.0
Shields        | 1 3 |  3.8
Stealth        | |  2.1

Action                   |  1- 3 |  4- 6 |  7- 9 | 10-12 || total
-------------------------+-------+-------+-------+-------++-------
Melee: Unarmed           |     7 |     8 |     8 |       ||    23
       Spear             |       |       |    36 |       ||    36
       Trident           |       |       |   205 |     4 ||   209
Throw: Tomahawk          |    11 |    33 |    34 |     4 ||    82
 Cast: Freeze            |    49 |    77 |   151 |    12 ||   289
       Throw Frost       |       |    11 |    41 |     9 ||    61
       Summon Ice Beast  |       |       |     5 |       ||     5
Evoke: Deck              |       |       |     2 |       ||     2
       Wand              |       |       |     1 |       ||     1
  Use: Scroll            |     2 |       |    18 |       ||    20
 Stab: Sleeping          |       |       |     5 |       ||     5
       Distracted        |       |       |     2 |       ||     2
  Eat: Chunk             |     2 |     7 |    31 |     1 ||    41
Armor: Robe              |    19 |     9 |    39 |     2 ||    69
Dodge: Dodged            |    42 |    57 |   259 |    14 ||   372
Block: Shield            |       |       |    44 |    10 ||    54
